 Dungeon Crawl Stone Soup version 0.17.0-18-gaab0e96 (webtiles) character file.

1023 ventricule the Basher (level 8, -2/44 HPs)
             Began as a Tengu Arcane Marksman on Nov 11, 2015.
             Was an Initiate of Fedhas.
             Slain by an ice beast (11 damage)
             ... on level 6 of the Dungeon.
             The game lasted 00:11:44 (8701 turns).

ventricule the Basher (Tengu Arcane Marksman)       Turns: 8701, Time: 00:11:44

Health: -2/44      AC:  2    Str: 13    XL:     8   Next: 22%
Magic:  10/10      EV: 13    Int: 14    God:    Fedhas [......]
Gold:   199        SH:  0    Dex: 14    Spells: 3 memorised, 2 levels left

rFire  . . .     SeeInvis .     b - +1 mace (venom)
rCold  . . .     Clarity  .     c - +0 robe
rNeg   . . .     SustAt   .     (no shield)
rPois  .         Gourm    .     (helmet restricted)
rElec  .         Spirit   .     (no cloak)
rCorr  +         Warding  .     (no gloves)
rMut   .         Stasis   .     (boots unavailable)
MR     .....                    g - amulet of resist corrosion
Stlth  ++........               t - ring of wizardry
                                v - ring of stealth

@: not resistant to hostile enchantments, unstealthy
A: beak, talons 3, able to fly 1
a: Fly, Renounce Religion


You were on level 6 of the Dungeon.
You worshipped Fedhas.
Fedhas was noncommittal.
You were near starving.

You visited 1 branch of the dungeon, and saw 6 of its levels.

You collected 199 gold pieces.


Innate Abilities, Weirdness & Mutations

You have a beak for a mouth.
You have claws for feet.
You can fly.


   Skills:
 + Level 2.1 Fighting
 - Level 9.1 Maces & Flails
 - Level 1.5 Polearms
 + Level 2.9 Crossbows
 + Level 3.3 Dodging
 - Level 1.0 Spellcasting
 - Level 2.1 Hexes


You had 2 spell levels left.
You knew the following spells:

 Your Spells              Type           Power        Failure   Level  Hunger
z - Slow                  Hex            #.......     9%          2    ###....
Q - Cause Fear            Hex            #.........   67%         4    #####..
Z - Corona                Hex            #......      6%          1    ##.....

Inventory:

Hand Weapons
 a - a +0 hand crossbow
 b - a +1 mace of venom (weapon)
 h - a +0 spear
Missiles
 l - 37 bolts
Armour
 c - a +0 robe (worn)
 y - a -1 pair of gloves
Jewellery
 g - an amulet of resist corrosion (around neck)
 o - a -2 ring of protection
 t - a ring of wizardry (right hand)
 v - a ring of stealth (left hand)
Wands
 w - a wand of random effects (45)
Scrolls
 i - a scroll of amnesia
 k - 3 scrolls of remove curse
 m - a scroll of magic mapping
 u - a scroll of teleportation {@r4}
Potions
 f - a potion of might
 j - a potion of haste {@q3}
 n - 2 potions of flight
 p - 2 potions of heal wounds {unknown}
 q - a potion of invisibility {unknown}
 s - 3 potions of poison {!q}
 x - a potion of brilliance {unknown}
 A - 2 potions of mutation {unknown}
Books
 d - a book of Debilitation

   Spells                             Type                      Level
   a - Corona                         Hexes                        1
   b - Slow                           Hexes                        2
   c - Gell's Gravitas                Hexes/Translocation          3
   d - Inner Flame                    Hexes/Fire                   3
   e - Cause Fear                     Hexes                        4
   f - Leda's Liquefaction            Hexes/Earth                  4
 e - a book of Party Tricks

   Spells                             Type                      Level
   a - Summon Butterflies             Summoning                    1
   b - Apportation                    Translocation                1
   c - Tukima's Dance                 Hexes                        3
   d - Alistair's Intoxication        Transmutation/Poison         4
   e - Invisibility                   Hexes                        6
Comestibles
 r - a fruit
 z - a meat ration
 B - a bread ration

Dungeon Overview and Level Annotations

Branches:
Dungeon (6/15)
 Temple: D:4-7

Altars:
Cheibriados
Dithmenos
Fedhas
Makhleb
Sif Muna
Trog
Vehumet

Shops:
D:5 :

Annotations:
D:5 JudasIscariot's ghost, novice TrFi
D:6 JudasIscariot's ghost, novice TrFi

..▒▒ ▒.▒ ▒▒▒.....▒▒.▒
.▒▒ ▒.▒ ▒▒.......▒..
▒▒ ▒.▒▒ ▒Z.........▒
▒..▒ ........... ▒..▒
..........▒▒ ▒..▒
..Y........▒ ▒▒.▒
▒.........▒
▒.▒▒▒▒▒▒▒▒▒▒▒▒▒▒....▒
▒....(....QY(..((▒▒▒▒
▒▒................▒
▒▒..▒▒▒▒▒▒▒▒▒▒▒▒▒▒.▒
▒▒..▒▒ ▒.▒ ▒▒▒....▒
▒.▒ ▒▒......▒ ▒..
▒.......▒ ...
........▒ ...
........▒ .....


You could see an ice beast.


Message History

You hit the ice beast.
You claw the ice beast, but do no damage.
The ice beast is heavily wounded.
The ice beast barely misses you.
You hit the ice beast.
The ice beast is heavily wounded.
You closely miss the ice beast. Your kick misses the ice beast.
You peck the ice beast, but do no damage.
The ice beast is heavily wounded.
The ice beast hits you. The ice beast freezes you!
You hit the ice beast.
The ice beast is severely wounded.
The ice beast hits you. The ice beast freezes you!
* * * LOW HITPOINT WARNING * * *
You barely miss the ice beast. Your kick misses the ice beast.
The ice beast is severely wounded.
The ice beast barely misses you.
You hit the ice beast.
The ice beast is severely wounded.
The ice beast hits you.
* * * LOW HITPOINT WARNING * * *
The ice beast freezes you!
* * * LOW HITPOINT WARNING * * *
You hit the ice beast but do no damage.
The ice beast is severely wounded.
The ice beast hits you.
* * * LOW HITPOINT WARNING * * *
The ice beast freezes you!
You die...
Fedhas appreciates your contribution to the ecosystem.

Action                   |  1- 3 |  4- 6 |  7- 9 || total
-------------------------+-------+-------+-------++-------
Melee: Unarmed           |    18 |       |       ||    18
       Spear             |    31 |       |       ||    31
       Mace              |    44 |   177 |    89 ||   310
 Fire: Hand crossbow     |     8 |    23 |    28 ||    59
 Cast: Corona            |     3 |       |       ||     3
Evoke: Wand              |       |       |     1 ||     1
  Use: Scroll            |     5 |     5 |     6 ||    16
       Potion            |       |     1 |     2 ||     3
 Stab: Sleeping          |     1 |     8 |     2 ||    11
       Distracted        |       |       |     1 ||     1
  Eat: Chunk             |     2 |    11 |     1 ||    14
       Bread ration      |       |     1 |     1 ||     2

Vault maps used:
D:1:      dpeg_arrival_castle
D:2:      uniq_iyjb, uniq_jessica
D:3:      nicolae_overflow_hidden_temple, nrook_mini_vaults,
          hangedman_abyss_or_decor_lesser_grid
D:5:      grunt_temple_overflow_open, first_bread, serial_shops,
          nicolae_shop_statue_plus, bloody_makhleb

Notes
Turn   | Place    | Note
--------------------------------------------------------------
     0 | D:1      | ventricule the Tengu Arcane Marksman began the quest for the Orb.
     0 | D:1      | Reached XP level 1. HP: 12/12 MP: 3/3
   359 | D:1      | Reached XP level 2. HP: 14/16 MP: 4/4
   366 | D:1      | Reached skill level 1 in Polearms
   791 | D:1      | Reached skill level 1 in Maces & Flails
   799 | D:1      | Reached XP level 3. HP: 11/20 MP: 5/5
  1334 | D:2      | Reached skill level 2 in Maces & Flails
  1492 | D:2      | Reached skill level 3 in Maces & Flails
  1492 | D:2      | Reached XP level 4. HP: 21/25 MP: 6/6
  2254 | D:2      | Noticed Jessica
  2259 | D:2      | Killed Jessica
  2259 | D:2      | Reached skill level 4 in Maces & Flails
  2259 | D:2      | Gained mutation: You can fly. [Tengu growth]
  2259 | D:2      | Reached XP level 5. HP: 5/29 MP: 7/7
  2537 | D:2      | Noticed Ijyb
  2545 | D:2      | Killed Ijyb
  2938 | D:2      | Reached skill level 5 in Maces & Flails
  3492 | D:3      | Found a shadowy altar of Dithmenos.
  4155 | D:3      | Reached XP level 6. HP: 34/34 MP: 8/8
  4213 | D:3      | Learned a level 2 spell: Slow
  4218 | D:3      | Learned a level 4 spell: Cause Fear
  4833 | D:4      | Reached skill level 6 in Maces & Flails
  5821 | D:5      | Entered Level 5 of the Dungeon
  5838 | D:5      | Reached skill level 7 in Maces & Flails
  6026 | D:5      | Reached XP level 7. HP: 12/38 MP: 9/9
  6522 | D:5      | Noticed JudasIscariot's ghost (novice TrFi)
  6532 | D:5      | Reached skill level 8 in Maces & Flails
  6699 | D:5      | Found a burning altar of Makhleb.
  7173 | D:5      | Found a blossoming altar of Fedhas.
  7177 | D:5      | Found a bloodstained altar of Trog.
  7177 | D:5      | Found a radiant altar of Vehumet.
  7179 | D:5      | Found a snail-covered altar of Cheibriados.
  7179 | D:5      | Found a deep blue altar of Sif Muna.
  7182 | D:5      | Became a worshipper of Fedhas Madash
  7250 | D:5      | Found Noych's Book Shop.
  7323 | D:5      | Noticed a water moccasin
  7336 | D:5      | Killed a water moccasin
  7336 | D:5      | Reached skill level 9 in Maces & Flails
  7621 | D:6      | Reached XP level 8. HP: 41/43 MP: 10/10
  8196 | D:6      | Reached skill level 2 in Fighting
  8196 | D:6      | Reached skill level 3 in Dodging
  8701 | D:6      | Slain by an ice beast

Vanquished Creatures
  A water moccasin (D:5)
  2 ice beasts (D:5)
  A centaur (D:5)
  An ogre (D:6)
  A scorpion (D:5)
  A giant frog zombie (D:5)
  Ijyb (D:2)
  A crimson imp (D:6)
  Jessica (D:2)
  A centaur skeleton (D:6)
  3 worker ants (D:4)
  2 hound skeletons
  4 gnolls (D:6)
  8 adders
  A shadow imp (D:5)
  4 oozes
  An adder zombie (D:4)
  8 worms
  An adder skeleton (D:4)
  4 giant geckos
  2 ball pythons
  19 bats
  8 hobgoblins
  11 jackals
  4 quokkas
  3 giant newts
  6 goblins
  14 kobolds
  11 rats
125 creatures vanquished.

Vanquished Creatures (others)
  5 toadstools (D:6)
5 creatures vanquished.

Grand Total: 130 creatures vanquished
